 Dungeon Sprint DCSS version 0.30-a0-305-g026cb31310 (webtiles) character file.

Game seed: 9161329279777477276

127 rocky1 the Ruffian (level 4, -3/35 HPs)
             Began as a Draconian Transmuter on Oct 23, 2022.
             Slain by a gnoll sergeant
             ... wielding a +0 trident of venom
              (9 damage)
             ... in the Dungeon (Sprint IX: "|||||||||||||||||||||||||||||").
             The game lasted 00:01:23 (188 turns).

rocky1 the Ruffian (Draconian Transmuter)            Turns: 188, Time: 00:01:24

Health: -3/35      AC:  5    Str: 12    XL:     4   Next: 85%
Magic:  6/10       EV: 13    Int: 16    God:
Gold:   0          SH:  0    Dex: 11    Spells: 10/11 levels left

rFire   . . .      SeeInvis .      - Unarmed
rCold   . . .      Faith    .    (no shield)
rNeg    . . .      Spirit   .    (body armour unavailable)
rPois   .          Reflect  .    (helmet currently unavailable)
rElec   .          Harm     .    (no cloak)
rCorr   .          Rampage  .    (no gloves)
Will    .....      NoTele   +    (boots currently unavailable)
Stlth   +.........               (no amulet)
HPRegen 0.25/turn                (no ring)
MPRegen 0.12/turn                (no ring)

@: lethally poisoned (-3 -> -9), appendages
A: horns 2, talons 2, AC +5, unfitting armour, cold-blooded
a: End Transformation


You were in the Dungeon.
You had temporarily grown beastly horns and talons.
You visited 1 branch

Inventory:

Scrolls
 g - a scroll of blinking
Potions
 b - a potion of curing
 c - a potion of heal wounds
 e - 2 potions of magic
 f - a potion of berserk rage


   Skills:
 + Level 1.2 Fighting
 - Level 4.3 Dodging
 * Level 7.3 Unarmed Combat
 - Level 4.3 Spellcasting
 + Level 3.8 Transmutations


You had 10 spell levels left.
You knew the following spells:

 Your Spells              Type           Power      Damage    Failure   Level
a - Beastly Appendage     Tmut           30%        N/A       3%          1

Your spell library contained the following spells:

 Spells                   Type           Power      Damage    Failure   Level
 Wereblood                Tmut           15%        N/A       4%          2
 Spider Form              Tmut/Pois      9%         N/A       22%         3
 Ice Form                 Ice/Tmut       9%         N/A       58%         4


Dungeon Overview and Level Annotations

Branches:
Dungeon (1/1)

Altars:


Innate Abilities, Weirdness & Mutations

You have temporarily grown beastly horns and talons.
Your plain brown scales are hard. (AC +5)
You cannot fit into any form of body armour.
You are cold-blooded and may be slowed by cold attacks.


Message History

The orc hits you but does no damage. The orc hits you but does no damage.
The orc hits you from afar with a +0 trident.
The orc completely misses you.
Your extra speed is starting to run out.
The orc hits you from afar with a +0 trident.
The orc hits you from afar with a +0 trident.
The orc hits you but does no damage. The orc hits you but does no damage.
You feel less wooden.
The orc hits you from afar with a +0 trident.
You feel yourself slow down.
Casting: Beastly Appendage (safe; 3% risk of failure)
Confirm with . or Enter, or press ? or * to list all spells.
You grow a pair of large bovine horns.
Your feet morph into talons.
The orc misses you. The orc hits you but does no damage.
There is an open door here.
You hit the orc. You claw the orc.
You kill the orc!
You hit the necrophage.
The necrophage is lightly damaged.
The necrophage hits you!
You barely miss the necrophage. You claw the necrophage.
The necrophage is lightly damaged.
The gnoll sergeant hits you from afar with a +0 trident of venom.
You are lethally poisoned!
The necrophage closely misses you.
You barely miss the necrophage.
The necrophage is lightly damaged.
* * * LOW HITPOINT WARNING * * *
You feel very sick. The gnoll sergeant closely misses you.
The necrophage closely misses you.
You barely miss the necrophage. Your kick misses the necrophage.
Your headbutt misses the necrophage.
The necrophage is lightly damaged.
* * * LOW HITPOINT WARNING * * *
You feel sick.
The gnoll sergeant hits you from afar with a +0 trident of venom!
You die...

▓.▓
▓.▓
▓†▓
▓.▓
▓.▓
▓.▓
▓.▓
▓.▓
▓@▓
▓n▓
▓g▓
▓.▓
▓.▓
▓.▓
▓+▓


You could see a necrophage and a gnoll sergeant.

Vanquished Creatures
  An ice beast (D)
  A hound (D)
  An orc (D)
  4 bats (D)
  A hobgoblin (D)
8 creatures vanquished.

Notes
Turn   | Place    | Note
-------+----------+-------------------------------------------
     0 | D        | rocky1 the Draconian Transmuter began the quest for the
                  | Orb.
     0 | D        | Reached XP level 1. HP: 16/16 MP: 3/3
    22 | D        | Reached skill level 4 in Unarmed Combat
   133 | D        | Noticed a hound
   133 | D        | Noticed an ice beast
   133 | D        | Noticed a necrophage
   133 | D        | Noticed a gnoll sergeant
   138 | D        | Killed a hound
   139 | D        | Reached skill level 5 in Unarmed Combat
   139 | D        | Reached XP level 2. HP: 23/23 MP: 3/6
   139 | D        | Reached XP level 3. HP: 28/28 MP: 3/7
   143 | D        | Killed an ice beast
   144 | D        | Reached skill level 7 in Unarmed Combat
   144 | D        | Reached XP level 4. HP: 35/35 MP: 3/10
   188 | D        | Slain by a gnoll sergeant

Illustrated notes

Levels and vault maps discovered:
D:        linesprint [early_d, line_temple, items_1, d_10, items_2, lair_1,
          lair_end, items_3, orc_1, orc_end, items_4, d_15, swamp_1, shoals_1,
          snake_1, spider_1, d_20, vaults_1, items_5, swamp_end, shoals_end,
          snake_end, spider_end, vaults_end, d_27, items_6, zot_1, zot_end,
          crypt_end, forest_end, elf_end, slime_end, tomb_end, abyss_end,
          pan_hell_end]

Skill      XL: |  1  2  3 |
---------------+----------+-----
Dodging        | 3 4 |  4.3
Unarmed Combat | 5 7 |  7.3
Spellcasting   | 3 4 |  4.3
Transmutations | 3 |  3.8
Fighting       | |  1.2

Action                   |  1- 3 |  4- 6 || total
-------------------------+-------+-------++-------
Melee: Unarmed           |    22 |     5 ||    27
       Kick              |     3 |     2 ||     5
       Tailslap          |     3 |       ||     3
       Punch             |     1 |       ||     1
 Cast: Beastly Appendage |     2 |     1 ||     3
  Use: Potion            |     2 |       ||     2
Armor: Skin              |    12 |    14 ||    26
Dodge: Dodged            |    16 |     6 ||    22

Table legend: (Time is in decaauts)
 A = Elapsed time spent in this place.
 B = Non-inter-level travel time spent in this place.
 C = Inter-level travel time spent in this place.
 D = Time resting spent in this place.
 E = Time spent auto-exploring this place.
 F = Levels seen in this place.
 G = Mean time per level.
                   A        B        C        D        E       F      G
               +--------+--------+--------+--------+--------+-----+--------+
         Total |    170 |    170 |      0 |    106 |      0 |   1 |  170.0 |
       Dungeon |    170 |    170 |      0 |    106 |      0 |   1 |  170.0 |
               +--------+--------+--------+--------+--------+-----+--------+

Top non-repeatable levels by time:
       D: 170 daAuts
